AoeStats
← warchickens

Arabia

509003975Analyzed
1v1 RM · 7d ago on Sep 25, 2026· 45m 50s· 2 players
Game mode
Random Map
Map size
Tiny (2 player)
Population
200
Speed
Normal
Resources
Standard
Victory
Conquest
Starting age
Dark Age
Ending age
Imperial Age
RankedLock teamsTeams togetherTeam positionsShared explorationLock speedFull tech treeHidden civsTurbo modeCheats
Victory
Defeat
🇵🇪 Berbers · Peru
1357
+16
🇨🇦 Spanish · Canada
1367
-16
RJoat
7:02 Loom
9:22 Feudal Age
9:25 Man-at-Arms
18:29 Castle Age
16:49 Stone Mining
17:29 Double-Bit Axe
24:39 Fletching
26:53 Bodkin Arrow
27:48 Padded Archer Armor
29:21 Ballistics
31:52 Bow Saw
41:47 Imperial Age
40:36 Husbandry
41:57 Bloodlines
43:31 Bracer
warchickens
8:41 Loom
10:27 Feudal Age
14:33 Castle Age
Connection lost

Rejoining the realm…

Still unreachable

The connection could not be restored.

Session expired

The server has moved on; the page needs a fresh start.